 Dungeon Crawl Stone Soup version 0.31-a0-986-g5e6e4ef867 (webtiles) character file.

Game seed: 13473657631783519247

113 Forgeling the Stinger (level 5, 38/38 HPs)
             Began as a Meteoran Venom Mage on Nov 13, 2023.
             Was a Follower of Fedhas.
             Quit the game on level 3 of the Dungeon.
             The game lasted 00:05:41 (782 turns).

Forgeling the Stinger (Meteoran Venom Mage)          Turns: 782, Time: 00:05:42

Health: 38/38      AC:  3    Str:  9    XL:     5   Next: 41%
Magic:  6/10       EV: 12    Int: 19    God:    Fedhas [*.....]
Gold:   97         SH:  0    Dex: 14    Spells: 4/9 levels left

rFire   . . .        d - +3 dagger (venom)
rCold   . . .        (no shield)
rNeg    . . .        a - +0 robe
rPois   .            (no helmet)
rElec   .            (no cloak)
rCorr   +            g - +0 pair of gloves
SInv    .            (no boots)
Will    .....        (no amulet)
Stlth   +            f - ring of resist corrosion
HPRegen 0.26/turn    (no ring)
MPRegen 0.12/turn

%: no passive effects
@: glowing
A: sense surroundings 1, otherworldly, glowing, explore regen
a: Renounce Religion


You were on level 3 of the Dungeon.
You worshipped Fedhas.
Fedhas was aware of your devotion.
You visited 1 branch of the dungeon, and saw 3 of its levels.

You collected 97 gold pieces.

Inventory:

Hand Weapons
 d - a +3 dagger of venom (weapon)
Missiles
 b - 6 boomerangs
 t - 10 poisoned darts
Armour
 a - a +0 robe (worn)
 c - a +0 ring mail of fire resistance
 g - a +0 pair of gloves (worn)
Jewellery
 f - a ring of resist corrosion (left hand)
Scrolls
 e - a scroll of immolation {unknown}
 Y - a scroll of teleportation {@r3}
Potions
 i - a potion of haste {unknown}
 j - 2 potions of enlightenment {unknown}
 k - a potion of might {unknown}
 J - 2 potions of curing {@q1}
 Q - a potion of magic


   Skills:
 - Level 2.1 Dodging
 - Level 1.4 Stealth
 - Level 2.6 Spellcasting
 - Level 1.2 Transmutations
 + Level 6.6 Poison Magic


You had 4 spell levels left.
You knew the following spells:

 Your Spells              Type           Power      Damage    Failure   Level
a - Sting                 Tmut/Pois      68%        1d6       3%          1
w - Olgreb's Toxic Radia  Pois           27%        N/A       11%         4

Your spell library contained the following spells:

 Spells                   Type           Power      Damage    Failure   Level
 Poisonous Vapours        Pois/Air       30%        N/A       6%          2
 Summon Small Mammal      Summ           8%         N/A       16%         1
 Mephitic Cloud           Conj/Pois/Air  10%        N/A       19%         3
 Call Canine Familiar     Summ           2%         N/A       43%         3
 Summon Guardian Golem    Hex/Summ       2%         N/A       43%         3


Dungeon Overview and Level Annotations

Branches:
Dungeon (3/15) Zot: 1019

Altars:
Fedhas


Innate Abilities, Weirdness & Mutations

You passively map a small area around you.
You are easily found by Zot.
You glow in the dark.
You regain HP and MP as you explore.


Message History

Aiming: Sting (safe; 3% risk of failure)
Press: ? - help, Shift-Dir - straight line, f/p - adder
Aim: an adder (poisoned, 57% to hit)
The sting misses the adder.
Casting: Sting (safe; 3% risk of failure)
Confirm with . or Enter, or press ? or * to list all spells.
Aiming: Sting (safe; 3% risk of failure)
Press: ? - help, Shift-Dir - straight line, f/p - adder
Aim: an adder (lightly wounded, poisoned, 57% to hit)
The sting hits the adder.
The adder looks even sicker.
The adder is moderately wounded.
You hit the adder.
The adder is severely wounded.
You hit the adder.
You kill the adder!
Casting: Sting (safe; 3% risk of failure)
Confirm with . or Enter, or press ? or * to list all spells.
Aiming: Sting (safe; 3% risk of failure)
Press: ? - help, Shift-Dir - straight line, f - gnoll
Aim: a gnoll, wielding a +0 whip (77% to hit)
The gnoll is poisoned.
Casting: Sting (safe; 3% risk of failure)
Confirm with . or Enter, or press ? or * to list all spells.
Aiming: Sting (safe; 3% risk of failure)
Press: ? - help, Shift-Dir - straight line, f/p - gnoll
Aim: a gnoll, wielding a +0 whip (poisoned, 77% to hit)
The sting hits the gnoll.
The gnoll looks even sicker.
The gnoll is moderately wounded.
You hit the gnoll.
The gnoll is severely wounded.
You hit the gnoll.
The gnoll looks as sick as possible!
The gnoll is almost dead.
You kill the gnoll! a +0 whip; a gnoll corpse; an adder corpse
There is a faded altar of an unknown god here.
This altar belongs to (a) Lugonu, (b) Sif Muna or (c) Fedhas, but you can't tell which.
Press the corresponding letter to learn more about a god, or press enter to convert or escape to cancel.
Fedhas accepts your prayer! Fedhas welcomes you!
The plants of the dungeon cease their hostilities.
Are you sure you want to abandon this character and quit the game? (Confirm with "yes".)

####### #..
* * #.# ,*
#.# #.##
#.# *
#.#.### *
#.# #..#...
#.# #..⌠. *
#.#
#.⌠..######
#.# ,
..#@#8#.#
######[.
#∩#...#*
#......[
*##).⌠.#
#.###### *
,#8.⌠..# ,
* # *
##...#.# *
* # *
,#.###.## #
,,
#.#######
####
#.......#
###...
#######.#
##.#.##


There were no monsters in sight!

Vanquished Creatures
  An adder (D:3)
  5 gnolls
  3 dart slugs (D:1)
  4 orcs (D:3)
  4 endoplasms
  A giant cockroach (D:1)
  7 goblins
  2 hobgoblins
  6 kobolds (D:1)
  A quokka (D:2)
  4 ball pythons (D:1)
  6 bats
  A frilled lizard (D:1)
  2 rats (D:1)
47 creatures vanquished.

Notes
Turn   | Place    | Note
-------+----------+-------------------------------------------
     0 | D:1      | Forgeling the Meteoran Venom Mage began the quest for the
                  | Orb.
     0 | D:1      | Reached XP level 1. HP: 14/14 MP: 5/5
    71 | D:1      | Reached skill level 4 in Poison Magic
    73 | D:1      | Reached XP level 2. HP: 20/20 MP: 0/6
   190 | D:1      | Reached XP level 3. HP: 14/26 MP: 5/8
   256 | D:1      | Reached skill level 5 in Poison Magic
   433 | D:2      | Reached XP level 4. HP: 11/33 MP: 6/9
   580 | D:2      | Learned a level 4 spell: Olgreb's Toxic Radiance
   597 | D:2      | Reached skill level 6 in Poison Magic
   604 | D:2      | Reached XP level 5. HP: 13/38 MP: 3/10
   767 | D:3      | Found a faded altar of an unknown god.
   781 | D:3      | Prayed at the altar of an unknown god.
   781 | D:3      | Became a worshipper of Fedhas Madash
   781 | D:3      | Reached * piety under Fedhas
   782 | D:3      | Quit the game

Illustrated notes

Levels and vault maps discovered:
D:1:      heliophobic_arrival_dark_side_of_the_moon, layout_basic
D:2:      layout_rooms, chequers_hall_statues_y, nrook_campfire,
          dreamdust_princess_corridor
D:3:      layout_loops_ring, tgw_fedhas, shapermc_ecumenical_altar_venn,
          dk_noncrumbling_2

Skill      XL: |  1  2  3  4 |
---------------+-------------+-----
Poison Magic   | 4 5 6 |  6.6
Dodging        | |  2.1
Stealth        | |  1.4
Spellcasting   | |  2.6
Transmutations | |  1.2

Action                     |  1- 3 |  4- 6 || total
---------------------------+-------+-------++-------
  Melee: Dagger            |    26 |    15 ||    41
   Cast: Sting             |    23 |    25 ||    48
    Use: Scroll            |     3 |       ||     3
 Armour: Robe              |    29 |    16 ||    45
  Dodge: Dodged            |    25 |    19 ||    44

Table legend: (Time is in decaauts)
 A = Elapsed time spent in this place.
 B = Non-inter-level travel time spent in this place.
 C = Inter-level travel time spent in this place.
 D = Time resting spent in this place.
 E = Time spent auto-exploring this place.
 F = Levels seen in this place.
 G = Mean time per level.
                   A        B        C        D        E       F      G
               +--------+--------+--------+--------+--------+-----+--------+
         Total |    780 |    759 |     21 |      0 |      0 |   3 |  260.0 |
       Dungeon |    780 |    759 |     21 |      0 |      0 |   3 |  260.0 |
               +--------+--------+--------+--------+--------+-----+--------+

Top non-repeatable levels by time:
     D:1: 412 daAuts
     D:2: 221 daAuts
     D:3: 146 daAuts
